Map: Prion Terraces

Players

Cole - Winner!

  • Race: Zerg Zerg
  • League: Platinum

CursOr

  • Race: Zerg Zerg
  • League: Platinum

VOD

Have the link to the VOD?

Description

Time

  • Played on: Jan. 24, 2016, 9:32 p.m.
  • Length: 16:26
Show
View Real Time Build Order
Export as new Build Order

Cole Zerg - Winner!

Build Orders: Pool First 

Get SALT Encoding   

  12  0:01  Drone  
  13  0:12  Overlord  
  13  0:17  Drone  
  14  0:31  Drone x2  
  14  0:33  Extractor  
  14  0:35  Drone  
  16  0:48  Spawning Pool  
  15  0:52  Drone  
  16  0:58  Drone  
  17  1:23  Hatchery  
  16  1:26  Drone  
  17  1:35  Drone  
  17  1:36  Metabolic Boost  
  18  1:41  Zergling x2  
  18  1:45  Zergling x2  
  20  1:50  Overlord  
  20  1:59  Queen  
  22  2:09  Drone  
  22  2:13  Drone  
  24  2:27  Drone  
  24  2:28  Roach Warren  
  24  2:39  Queen  
  26  2:46  Zergling x8  
  26  2:47  Spine Crawler  
  29  2:57  Zergling x2  
  29  2:58  Zergling x2  
  31  3:05  Drone  
  32  3:11  Lair  
  32  3:25  Zergling x8  
  36  3:28  Overlord  
  36  3:35  Overlord  
  34  4:05  Zergling x8  
  34  4:06  Zergling x8  
  40  4:25  Spire, Queen  
  40  4:27  Drone  
  40  4:28  Drone, Extractor  
  33  4:55  Zergling x12  
  35  5:20  Drone  
  35  5:21  Drone x2  
  37  5:24  Drone  
  37  5:25  Drone  
  39  5:38  Mutalisk  
  39  5:39  Mutalisk  
  39  5:40  Hatchery  
  42  5:48  Mutalisk  
  44  5:54  Overlord  
  43  6:10  Overlord x2  
  43  6:21  Mutalisk  
  43  6:24  Drone  
  43  6:25  Drone x5  
  48  7:03  Extractor  
  48  7:04  Drone x3, Extractor  
  48  7:05  Drone x3  
  48  7:07  Mutalisk x3  
  58  7:09  Hatchery  
  58  7:14  Overlord  
  53  7:46  Glial Reconstitution  
  53  7:57  Roach x4  
  53  7:58  Roach x6  
  73  8:31  Queen  
  73  8:32  Drone x7  
  73  8:34  Overlord x2  
  82  8:42  Evolution Chamber  
  82  8:46  Drone  
  82  8:48  Evolution Chamber  
  81  9:04  Overlord x3  
  81  9:15  Extractor  
  81  9:16  Drone x6, Extractor  
  85  9:17  Drone  
  85  9:18  Drone  
  85  9:20  Drone  
  88  9:27  Zerg Ground Armor Level 1  
  88  9:30  Zerg Missile Weapons Level 1  
  88  9:37  Roach  
  88  9:38  Roach x2  
  94  9:44  Overseer  
  94  9:46  Pneumatized Carapace  
  94  9:55  Drone x2  
  94  9:56  Drone  
  99  10:00  Roach x5  
  107  10:18  Roach x3  
  113  10:21  Hatchery  
  112  10:28  Drone  
  112  10:29  Drone x3  
  112  10:35  Roach x3  
  122  10:38  Overlord  
  122  11:04  Roach x4  
  124  11:06  Overlord x3  
  124  11:07  Overlord x4  
  132  11:25  Roach  
  132  11:26  Roach x8  
  148  11:33  Queen  
  148  11:35  Drone x2  
  119  11:55  Roach  
  119  11:56  Roach x9  
  121  12:12  Roach x7  
  121  12:13  Roach  
  121  12:21  Roach x4  
  127  12:28  Roach  
  127  12:29  Roach x3  
  135  12:36  Overlord  
  135  12:41  Roach x3  
  117  13:02  Roach x10  
  119  13:13  Roach x5  
  125  13:39  Roach x11  
  147  13:50  Hydralisk Den  
  146  13:56  Zergling x2  
  146  13:57  Zergling x14  
  154  14:03  Drone x4  
  158  14:11  Extractor x2  
  154  14:26  Roach  
  154  14:27  Roach x9  
  166  14:45  Roach  
  166  14:46  Roach x9  
  166  14:49  Lurker Den  
  184  14:57  Drone x3  
  184  14:58  Drone x3  
  190  15:06  Hydralisk  
  192  15:09  Overlord x4  
  190  15:24  Overlord x2  
  190  15:30  Hydralisk x4  
  190  15:31  Hydralisk  
  170  15:53  Hydralisk  
  170  15:54  Hydralisk x10  
Show
View Real Time Build Order
Export as new Build Order

CursOr Zerg 

Build Orders: Pool First 

Get SALT Encoding   

  12  0:01  Drone  
  13  0:09  Drone  
  14  0:25  Spawning Pool  
  13  0:30  Drone  
  14  0:36  Overlord  
  14  0:53  Drone, Extractor  
  14  0:54  Drone  
  14  0:55  Drone  
  16  1:06  Drone  
  17  1:17  Roach Warren  
  16  1:23  Drone  
  16  1:25  Queen  
  17  1:28  Drone  
  20  1:39  Overlord  
  20  1:47  Overlord  
  20  1:58  Roach  
  22  2:09  Roach  
  24  2:19  Roach  
  26  2:31  Roach  
  26  2:33  Roach x3  
  34  2:49  Roach  
  36  2:55  Hatchery  
  36  2:56  Roach  
  37  3:06  Overlord  
  37  3:11  Overlord  
  37  3:25  Overlord  
  37  3:27  Roach  
  37  3:28  Roach  
  41  3:36  Roach  
  41  3:37  Roach x2  
  47  3:42  Roach  
  49  3:56  Roach  
  39  4:14  Queen  
  39  4:16  Queen  
  37  4:33  Drone  
  37  4:34  Drone x5  
  43  4:51  Roach x3  
  43  5:06  Drone x3  
  46  5:11  Roach  
  48  5:25  Extractor  
  48  5:27  Extractor  
  46  5:28  Queen  
  46  5:30  Drone x2  
  46  5:32  Drone  
  46  5:33  Drone  
  52  5:46  Drone x4  
  56  5:59  Roach  
  56  6:00  Roach  
  60  6:13  Spore Crawler  
  60  6:15  Spore Crawler  
  60  6:17  Spore Crawler  
  57  6:20  Spore Crawler  
  56  6:27  Queen  
  56  6:28  Queen  
  56  6:29  Drone  
  56  6:31  Ravager  
  60  6:38  Overlord  
  49  6:54  Drone x7  
  49  7:00  Overlord  
  56  7:08  Lair  
  56  7:28  Overlord x2  
  54  7:42  Queen  
  54  7:51  Drone x2  
  54  7:52  Drone  
  57  7:58  Extractor  
  57  8:04  Overlord  
  56  8:11  Infestation Pit  
  56  8:12  Queen  
  57  8:21  Drone x3  
  60  8:30  Queen  
  62  8:48  Evolution Chamber  
  61  8:50  Hive  
  61  9:03  Infestor x3  
  61  9:04  Infestor x3  
  73  9:24  Zerg Missile Weapons Level 1  
  73  9:25  Roach x3  
  73  9:26  Roach x6  
  91  9:34  Burrow  
  91  9:59  Spore Crawler  
  90  10:00  Spore Crawler  
  89  10:09  Hatchery  
  88  10:26  Ravager x3  
  88  10:27  Ravager  
  92  10:36  Overlord x3  
  92  10:37  Overlord  
  92  10:54  Queen x2  
  96  11:03  Drone x5  
  96  11:04  Drone x5  
  104  11:06  Roach x10  
  104  11:10  Overlord x2  
  124  11:29  Roach x5  
  116  11:58  Extractor  
  116  11:59  Roach, Extractor  
  116  12:00  Roach x10  
  124  12:12  Roach x4  
  124  12:15  Ravager x2  
  129  12:16  Ravager x5  
  129  12:22  Drone x3  
  136  12:35  Overlord  
  136  12:36  Overlord  
  91  13:16  Ravager x2  
  91  13:17  Ravager x8  
  91  13:21  Drone x16  
  107  13:31  Hatchery  
  104  13:38  Roach  
  104  13:39  Roach x5  
  114  13:47  Infestor x2  
  118  13:57  Overlord x2  
  118  14:08  Roach x9  
  135  14:22  Roach x4  
  139  14:41  Extractor  
  137  14:50  Spine Crawler  
  137  14:51  Spine Crawler  
  137  14:52  Drone x6  
  141  15:20  Roach x5  
  141  15:21  Roach x7  
  137  15:48  Roach x8  
  116  15:56  Roach  
  119  15:57  Roach x7  
  125  16:05  Roach  
  125  16:06  Roach x3  
Tags
 
Add a new tag
Caveats
  • Supply blocks, unpowered buildings, or Contaminate may cause inaccurate times.
  • Supply counts are checked every 10 seconds.